 Dungeon Crawl Stone Soup version 0.30-a0-1160-g6e42c06551 (webtiles) character file.

Game seed: 11930276776554742559

1725 CowFu the Covered (level 9, -21/69 HPs)
             Began as a Gnoll Wanderer on Apr 26, 2023.
             Was a Follower of Qazlal.
             Demolished by a two-headed ogre
             ... wielding a +0 giant spiked club
              (32 damage)
             ... on level 6 of the Dungeon.
             The game lasted 00:07:41 (5157 turns).

CowFu the Covered (Gnoll Wanderer)                  Turns: 5157, Time: 00:07:41

Health: -21/69     AC: 16    Str: 17    XL:     9   Next: 4%
Magic:  16/16      EV: 10    Int: 15    God:    Qazlal [*.....]
Gold:   247        SH:  1    Dex:  7    Spells: 17/17 levels left

rFire   . . .        a - +3 quarterstaff (chaos)
rCold   . . .        (shield currently unavailable)
rNeg    . . .        c - +2 scale mail
rPois   .            q - +2 hat
rElec   .            s - +2 cloak {rCorr}
rCorr   +            (no gloves)
SInv    .            f - +0 pair of boots
Will    .....        (no amulet)
Stlth   +            (no ring)
HPRegen 0.31/turn    (no ring)
MPRegen 0.15/turn

%: no passive effects
@: no status effects
A: fangs 1, strong nose, distributed training
a: Renounce Religion


You were on level 6 of the Dungeon.
You worshipped Qazlal.
Qazlal was aware of your devotion.
You visited 1 branch of the dungeon, and saw 6 of its levels.

You collected 247 gold pieces.

Inventory:

Hand Weapons
 a - a +3 quarterstaff of chaos (weapon)
 b - the +6 sling "Killer Klown's Bane" {heavy, rF+ Str+3 Int+3}
   (You found it on level 5 of the Dungeon)

   Str:       It affects your strength (+3).
   Int:       It affects your intelligence (+3).
   rF:        It protects you from fire.
 r - a +3 dagger
 w - a +2 sling of electrocution
 y - a +0 rapier
Missiles
 k - 11 poisoned darts (quivered)
 n - a throwing net
 o - 3 curare-tipped darts
Armour
 c - a +2 scale mail (worn)
 f - a +0 pair of boots (worn)
 q - a +2 hat (worn)
 s - a +2 cloak of preservation (worn)
Magical Staves
 E - a staff of earth
Jewellery
 p - an amulet of the acrobat
 B - an amulet of guardian spirit
Wands
 v - a wand of digging (15)
 G - a wand of mindburst (7)
Scrolls
 d - 2 scrolls of silence
 e - a scroll of poison
 g - a scroll of torment
 h - a scroll of fear
 i - a scroll of teleportation
Potions
 j - a potion of flight {unknown}
 l - a potion of degeneration
 m - a potion of might
 t - a potion of mutation {unknown}
 u - a potion of cancellation
 x - 3 potions of lignification {unknown}
 C - a potion of haste {unknown}
 D - 3 potions of attraction {unknown}
 F - 2 potions of curing {unknown}


   Skills:
 + Level 6.1 Fighting
 + Level 4.0 Short Blades
 + Level 4.0 Long Blades
 + Level 4.0 Axes
 + Level 4.0 Maces & Flails
 + Level 4.0 Polearms
 + Level 4.0 Staves
 + Level 4.0 Ranged Weapons
 + Level 6.1 Throwing
 + Level 6.1 Armour
 + Level 4.0 Dodging
 + Level 4.7 Stealth
 + Level 4.0 Shields
 + Level 4.0 Unarmed Combat
 + Level 4.9 Spellcasting
 + Level 3.2 Conjurations
 + Level 3.2 Hexes
 + Level 3.2 Summonings
 + Level 4.0 Necromancy
 + Level 3.2 Translocations
 + Level 3.2 Transmutations
 + Level 3.2 Fire Magic
 + Level 3.2 Ice Magic
 + Level 3.2 Air Magic
 + Level 3.2 Earth Magic
 + Level 3.2 Poison Magic
 + Level 4.4 Invocations
 + Level 4.8 Evocations


You had 17 spell levels left.
You didn't know any spells.
Your spell library contained the following spells:

 Spells                   Type           Power      Damage    Failure   Level
 Sublimation of Blood     Necr           15%        N/A       14%         2
 Cigotuvi's Dreadful Rot  Necr/Pois/Air  28%        N/A       17%         2


Dungeon Overview and Level Annotations

Branches:
Dungeon (6/15)
 Temple: D:4-7

Altars:
Dithmenos
Elyvilon
Qazlal
Trog
Xom
Yredelemnul
Zin


Innate Abilities, Weirdness & Mutations

You have very sharp teeth.
Your uncanny sense of smell can sniff out nearby items.
Your experience applies equally to all skills.


Message History

Your Unarmed Combat skill increases to level 4!
Your Necromancy skill increases to level 4!
You shoot a sling bullet.
The sling bullet hits the two-headed ogre.
The two-headed ogre is moderately wounded.
The two-headed ogre hits you with a +0 giant spiked club!
You block the two-headed ogre's attack.
You shoot a sling bullet.
The sling bullet hits the two-headed ogre!
The two-headed ogre is heavily wounded.
The two-headed ogre hits you with a +0 giant spiked club!
The two-headed ogre hits you but does no damage.
The two-headed ogre closely misses you.
The two-headed ogre hits you with a +0 giant club.
You shoot a sling bullet.
The sling bullet hits the two-headed ogre.
The two-headed ogre is heavily wounded.
The two-headed ogre closely misses you.
The two-headed ogre hits you with a +0 giant club!
You shoot a sling bullet.
The sling bullet hits the two-headed ogre.
The two-headed ogre is severely wounded.
The two-headed ogre hits you with a +0 giant spiked club.
The two-headed ogre hits you but does no damage.
You are too injured to fight recklessly!
Your +3 quarterstaff of chaos is briefly surrounded by a scintillating aura of random colours.
a - a +3 quarterstaff of chaos (weapon)
The two-headed ogre hits you with a +0 giant spiked club!
* * * LOW HITPOINT WARNING * * *
The two-headed ogre closely misses you.
You are too injured to fight recklessly!
You hit the two-headed ogre.
The two-headed ogre seems to grow stronger.
You bite the two-headed ogre.
The two-headed ogre is severely wounded.
You sock the two-headed ogre!
The two-headed ogre suddenly seems more resistant.
The two-headed ogre is almost dead.
The two-headed ogre hits you with a +0 giant spiked club!!
You die...

########
##......##
##........#
#..........
#..[.......
#.○........
#..@.......
#...O......
##.........
..........
#..........
#..........
#..........
#..........


You could see a two-headed ogre (strong, resistant).

Vanquished Creatures
  Pikel (D:4)
  Prince Ribbit (D:5)
  Menkaure (D:4)
  A water moccasin (D:5)
  2 ogres (D:4)
  2 lemures (D:4)
  A scorpion (D:5)
  3 hounds
  An orc priest (D:3)
  A jelly (D:4)
  Crazy Yiuf (D:2)
  2 iguanas
  2 sleepcaps (D:5)
  Ijyb (D:3)
  Natasha (twice) (D:3)
  An orc wizard (D:3)
  7 adders
  4 gnolls (D:5)
  2 ufetubi
  3 worms
  A dart slug (D:2)
  9 orcs
  6 bats
  4 endoplasms
  7 giant cockroaches
  7 goblins
  11 hobgoblins
  8 jackals
  11 kobolds
  3 quokkas
  9 ball pythons
  6 frilled lizards
  5 rats
126 creatures vanquished.

Vanquished Creatures (others)
  A fungus (D:2)
  7 plants
8 creatures vanquished.

Grand Total: 134 creatures vanquished

Notes
Turn   | Place    | Note
-------+----------+-------------------------------------------
     0 | D:1      | CowFu the Gnoll Wanderer began the quest for the Orb.
     0 | D:1      | CowFu set off with the following items: a +0 dagger, 11
                  | poisoned darts, a +2 scale mail, a scroll of silence; and
                  | the following spells available to memorise: Sublimation of
                  | Blood, Cigotuvi's Dreadful Rot.
     0 | D:1      | Reached XP level 1. HP: 20/20 MP: 4/4
    91 | D:1      | Reached XP level 2. HP: 26/26 MP: 5/5
   606 | D:1      | Reached XP level 3. HP: 31/31 MP: 7/7
   778 | D:2      | Reached skill level 1 in Invocations
   997 | D:2      | Reached skill level 1 in Short Blades
   997 | D:2      | Reached skill level 1 in Long Blades
   997 | D:2      | Reached skill level 1 in Axes
   997 | D:2      | Reached skill level 1 in Maces & Flails
   997 | D:2      | Reached skill level 1 in Polearms
   997 | D:2      | Reached skill level 1 in Staves
   997 | D:2      | Reached skill level 1 in Ranged Weapons
   997 | D:2      | Reached skill level 1 in Dodging
   997 | D:2      | Reached skill level 1 in Shields
   997 | D:2      | Reached skill level 1 in Unarmed Combat
  1040 | D:2      | Found a runed translucent door.
  1041 | D:2      | Noticed Crazy Yiuf
  1232 | D:2      | Reached XP level 4. HP: 38/38 MP: 8/8
  1562 | D:2      | Reached skill level 1 in Conjurations
  1562 | D:2      | Reached skill level 1 in Hexes
  1562 | D:2      | Reached skill level 1 in Summonings
  1562 | D:2      | Reached skill level 1 in Translocations
  1562 | D:2      | Reached skill level 1 in Transmutations
  1562 | D:2      | Reached skill level 1 in Fire Magic
  1562 | D:2      | Reached skill level 1 in Ice Magic
  1562 | D:2      | Reached skill level 1 in Air Magic
  1562 | D:2      | Reached skill level 1 in Earth Magic
  1562 | D:2      | Reached skill level 1 in Poison Magic
  1654 | D:2      | Found a faded altar of an unknown god.
  1809 | D:2      | Killed Crazy Yiuf
  1896 | D:3      | Reached XP level 5. HP: 43/43 MP: 9/9
  1914 | D:3      | Found a stormy altar of Qazlal.
  1917 | D:3      | Found a glowing silver altar of Zin.
  1922 | D:3      | Found a basalt altar of Yredelemnul.
  1933 | D:3      | Found a bloodstained altar of Trog.
  1963 | D:3      | Became a worshipper of Qazlal Stormbringer
  1998 | D:3      | Noticed Natasha
  2002 | D:3      | Killed Natasha
  2021 | D:3      | Noticed Ijyb
  2038 | D:3      | Killed Ijyb
  2484 | D:3      | Reached XP level 6. HP: 18/50 MP: 9/11
  2493 | D:3      | Noticed Natasha
  2626 | D:3      | Killed Natasha
  2627 | D:3      | Reached skill level 5 in Fighting
  2627 | D:3      | Reached skill level 5 in Throwing
  2627 | D:3      | Reached skill level 5 in Armour
  2661 | D:3      | Found an ancient bone altar of Kikubaaqudgha.
  2663 | D:3      | Found a glowing silver altar of Zin.
  2663 | D:3      | Found a shimmering altar of Xom.
  2665 | D:3      | Found an opulent altar of Gozag.
  2665 | D:3      | Found a snail-covered altar of Cheibriados.
  2665 | D:3      | Found a burning altar of Makhleb.
  3151 | D:4      | Found a white marble altar of Elyvilon.
  3233 | D:4      | Noticed Menkaure
  3241 | D:4      | Reached * piety under Qazlal
  3242 | D:4      | Reached XP level 7. HP: 30/56 MP: 12/12
  3245 | D:4      | Killed Menkaure
  3614 | D:4      | Noticed Pikel
  3658 | D:4      | HP: 2/56 [disintegration (2)]
  3662 | D:4      | Killed Pikel
  3663 | D:4      | Reached XP level 8. HP: 33/64 MP: 12/14
  4013 | D:5      | Entered Level 5 of the Dungeon
  4043 | D:4      | HP: 3/64 [poisoned by a gnoll]
  4371 | D:5      | Identified the +6 sling "Killer Klown's Bane" {heavy, rF+
                  | Str+3 Int+3}
  4541 | D:5      | Found a shadowy altar of Dithmenos.
  4575 | D:5      | Noticed Prince Ribbit
  4593 | D:5      | Killed Prince Ribbit
  5091 | D:5      | Reached XP level 9. HP: 69/69 MP: 16/16
  5147 | D:6      | Noticed a two-headed ogre
  5157 | D:6      | Demolished by a two-headed ogre

Illustrated notes

Levels and vault maps discovered:
D:1:      lemuel_arrival_behind_the_door_large, layout_loops_cross
D:2:      layout_loops_cross, shapermc_ecumenical_altar_mp_ritualfount,
          serial_bayou_lake_a, uniq_crazy_yiuf_cottage
D:3:      layout_rooms, grunt_temple_overflow_diamond,
          mainiacjoe_overflow_cross_hatched, doesnt_xom_only_xom,
          serial_aquarium, aquarium_bridge_long_separate
          [aquarium_subvault_wall, aquarium_subvault_bridge,
          aquarium_subvault_bridge, aquarium_subvault_bridge,
          aquarium_subvault_window, aquarium_subvault_bridge],
          aquarium_window_2, aquarium_window_1, aquarium_view_2f,
          aquarium_balcony_5a, aquarium_pool_split, lexackson_kobold_supper,
          uniq_ijyb, uniq_natasha
D:4:      layout_basic, lemuel_tele_altar, uniq_pikel, uniq_menkaure
D:5:      layout_gridville, marbit_many_paths, uniq_prince_ribbit1
D:6:      layout_rooms, minmay_temple_entry_statues_pillars, uniq_grinder,
          uniq_sigmund

Skill      XL: |  1  2  3  4  5  6  7  8  9 |
---------------+----------------------------+-----
Necromancy     | 2 3 4 |  4.0
Invocations    | 1 2 3 4 |  4.4
Short Blades   | 1 2 3 4 |  4.0
Long Blades    | 1 2 3 4 |  4.0
Axes           | 1 2 3 4 |  4.0
Maces & Flails | 1 2 3 4 |  4.0
Polearms       | 1 2 3 4 |  4.0
Staves         | 1 2 3 4 |  4.0
Ranged Weapons | 1 2 3 4 |  4.0
Dodging        | 1 2 3 4 |  4.0
Shields        | 1 2 3 4 |  4.0
Unarmed Combat | 1 2 3 4 |  4.0
Spellcasting   | 3 4 |  4.9
Conjurations   | 1 2 3 |  3.2
Hexes          | 1 2 3 |  3.2
Summonings     | 1 2 3 |  3.2
Translocations | 1 2 3 |  3.2
Transmutations | 1 2 3 |  3.2
Fire Magic     | 1 2 3 |  3.2
Ice Magic      | 1 2 3 |  3.2
Air Magic      | 1 2 3 |  3.2
Earth Magic    | 1 2 3 |  3.2
Poison Magic   | 1 2 3 |  3.2
Evocations     | 3 4 |  4.8
Stealth        | 3 4 |  4.7
Fighting       | 5 6 |  6.1
Throwing       | 5 6 |  6.1
Armour         | 5 6 |  6.1

Action                     |  1- 3 |  4- 6 |  7- 9 || total
---------------------------+-------+-------+-------++-------
  Melee: Dagger            |   107 |    44 |       ||   151
         Bite              |    13 |    10 |    11 ||    34
         Punch             |     1 |     1 |       ||     2
         Quarterstaff      |       |   118 |    82 ||   200
   Fire: Sling             |       |    22 |     7 ||    29
  Throw: Dart              |    72 |    26 |    27 ||   125
    Use: Potion            |       |       |     2 ||     2
         Scroll            |       |       |    13 ||    13
   Stab: Paralysed         |       |     3 |       ||     3
 Armour: Scale mail        |    62 |   117 |    51 ||   230
  Dodge: Dodged            |    51 |   101 |    47 ||   199
  Block: Other             |       |       |     4 ||     4

Table legend: (Time is in decaauts)
 A = Elapsed time spent in this place.
 B = Non-inter-level travel time spent in this place.
 C = Inter-level travel time spent in this place.
 D = Time resting spent in this place.
 E = Time spent auto-exploring this place.
 F = Levels seen in this place.
 G = Mean time per level.
                   A        B        C        D        E       F      G
               +--------+--------+--------+--------+--------+-----+--------+
         Total |   5224 |   5079 |    145 |      0 |   3983 |   6 |  870.7 |
       Dungeon |   5224 |   5079 |    145 |      0 |   3983 |   6 |  870.7 |
               +--------+--------+--------+--------+--------+-----+--------+

Top non-repeatable levels by time:
     D:4: 1388 daAuts
     D:2: 1264 daAuts
     D:5: 926 daAuts
     D:3: 868 daAuts
     D:1: 760 daAuts
     D:6: 16 daAuts
